 Dungeon Crawl Stone Soup version 0.31.0-12-g77e489cdc1 (webtiles) character file.

Game seed: 6395032582508066380

741 mantisjm the Chiller (level 7, -16/49 HPs)
             Began as a Merfolk Ice Elementalist on Feb 27, 2024.
             Was an Initiate of Nemelex Xobeh.
             Demolished by Edmund
             ... wielding a +4 heavy dire flail
              (25 damage)
             ... on level 4 of the Dungeon.
             The game lasted 00:23:23 (4446 turns).

mantisjm the Chiller (Merfolk Ice Elementalist)     Turns: 4446, Time: 00:23:31

Health: -16/49     AC:  2    Str:  8    XL:     7   Next: 75%
Magic:  1/13       EV: 13    Int: 16    God:    Nemelex Xobeh [......]
Gold:   160        SH:  0    Dex: 15    Spells: 5/14 levels left

rFire   . . .        c - +0 spear
rCold   . . .        (no shield)
rNeg    . . .        a - +0 robe
rPois   .            (no helmet)
rElec   .            (no cloak)
rCorr   .            (no gloves)
SInv    .            (no boots)
Will    .....        (no amulet)
Stlth   +++          (no ring)
HPRegen 0.28/turn    (no ring)
MPRegen 0.13/turn

%: no passive effects
@: no status effects
A: (nimble swimmer 2), mertail
a: Renounce Religion, Draw Escape, Draw Destruction, Draw Summoning


You were on level 4 of the Dungeon.
You worshipped Nemelex Xobeh.
Nemelex Xobeh was noncommittal.
You visited 2 branches of the dungeon, and saw 7 of its levels.

You collected 160 gold pieces.

Inventory:

Hand Weapons
 c - a +0 spear (weapon)
Missiles
 d - 34 stones
 g - 3 boomerangs
 i - 7 poisoned darts (quivered)
 n - 2 curare-tipped darts
Armour
 a - a +0 robe (worn)
 h - a +1 pair of gloves
Jewellery
 q - a ring of ice
Wands
 p - a wand of paralysis (14)
Scrolls
 f - a scroll of identify
 r - 3 scrolls of silence
Potions
 b - a potion of magic
 e - 2 potions of might {unknown}
 j - a potion of enlightenment
 k - a potion of curing
 l - a potion of resistance
 m - 2 potions of haste {unknown}
 o - a potion of heal wounds
 s - a potion of brilliance {unknown}
 t - a potion of ambrosia {unknown}


   Skills:
 + Level 1.6 Fighting
 * Level 4.6 Polearms
 + Level 3.7 Dodging
 + Level 3.9 Stealth
 + Level 4.4 Spellcasting
 + Level 0.1 Hexes
 * Level 3.1 Summonings
 - Level 5.3 Ice Magic


You had 5 spell levels left.
You knew the following spells:

 Your Spells              Type           Power      Damage    Failure   Level
a - Freeze                Ice            80%        1d9       1%          1
b - Frozen Ramparts       Ice            40%        1d7       5%          3
c - Summon Ice Beast      Ice/Summ       17%        N/A       9%          3
d - Ensorcelled Hibernat  Hex/Ice        24%        N/A       8%          2

Your spell library contained the following spells:

 Spells                   Type           Power      Damage    Failure   Level
 Summon Small Mammal      Summ           52%        N/A       4%          1
 Ozocubu's Armour         Ice            20%        N/A       5%          3
 Call Canine Familiar     Summ           13%        N/A       13%         3
 Fugue of the Fallen      Necr           3%         N/A       43%         3
 Summon Blazeheart Golem  Fire/Summ      8%         N/A       63%         4
 Anguish                  Hex/Necr       1%         N/A       85%         4


Dungeon Overview and Level Annotations

Branches:
Dungeon (6/15)             Temple (1/1) D:4

Altars:
Makhleb
Nemelex Xobeh
Qazlal
Ru
Sif Muna
Trog
Uskayaw
Vehumet
Wu Jian
Xom
The Shining One

Shops:
D:3 [   D:4 :

Annotations:
D:2 Robin
D:4 Edmund
D:6 Menkaure
Temple 2 transporters


Innate Abilities, Weirdness & Mutations

((You are very nimble when in or above water. (Stealth+, EV+, Speed+++)))
Your lower body shifts to a powerful aquatic tail in water.


Message History

You start resting.
HP restored.
You swap places.
You swap places.
Edmund the Younger comes into view.
He is wielding a +4 heavy dire flail.
Your ice beast disappears in a puff of smoke!
Casting: Frozen Ramparts (dangerous; 5% risk of failure)
Confirm with . or Enter, or press ? or * to list all spells.
A chill wind blows around you.
Casting: Summon Ice Beast (dangerous; 9% risk of failure)
Confirm with . or Enter, or press ? or * to list all spells.
Casting: Frozen Ramparts (dangerous; 5% risk of failure)
Press: ? - help, Dir - look around, f - activate The walls around you are covered in ice.
The wall freezes Edmund.
Edmund misses you.
You hit Edmund.
Edmund is lightly wounded.
The wall freezes Edmund.
Edmund hits you with a +4 heavy dire flail!
You hit Edmund but do no damage.
Edmund is lightly wounded.
Your ice beast hits Edmund.
Your ice beast freezes Edmund.
Casting: Frozen Ramparts (dangerous; 5% risk of failure)
Confirm with . or Enter, or press ? or * to list all spells.
You don't have enough magic to cast this spell.
You hit Edmund.
Edmund is heavily wounded.
Your ice beast hits Edmund but does no damage.
The wall freezes Edmund.
Edmund hits you with a +4 heavy dire flail!!
Ouch! That really hurt!
* * * LOW HITPOINT WARNING * * *
The frozen ramparts melt away as you move.
Your ice beast hits Edmund.
Your ice beast freezes Edmund!
Edmund attacks as he pursues you!
Edmund hits you with a +4 heavy dire flail!!
Ouch! That really hurt!
You die...
Edmund says, "That'll show my brother!"
Your body disappears without a glow.

#.......##..............#....##
.#......................#)....#
#............................####
...##.##.##[....................#
...##.####...################...#
#.....# #....#....#~.....#..#.P.#
####### #....#....#~........#...#
##...#Y@######.###..#.P.#
#...#..@......#)## ###.#
#...##...........#...#.#
#.#.#)........)......#.#
#.#.#######..#########.#
#......................#
##.....................#
#######################


You could see Edmund (ally target) and a friendly ice beast (summoned).

Vanquished Creatures
  A black bear (D:3)
  An ogre (D:4)
  A phantom (D:4)
  2 orc priests (D:4)
  A jelly (D:4)
  A sleepcap (D:4)
  An orc wizard (D:3)
  6 adders
  A dart slug (D:1)
  3 ribbon worms
  6 orcs
  6 ball pythons
  8 endoplasms
  A giant cockroach (D:1)
  9 hobgoblins
  3 jackals (D:1)
  4 quokkas
  6 bats
  5 frilled lizards
  12 goblins
  6 kobolds
  6 rats
90 creatures vanquished.

Vanquished Creatures (collateral kills)
  Sigmund (D:4)
  A howler monkey (D:4)
  An orc (D:4)
  An endoplasm (D:4)
4 creatures vanquished.

Grand Total: 94 creatures vanquished

Notes
Turn   | Place    | Note
-------+----------+-------------------------------------------
     0 | D:1      | mantisjm the Merfolk Ice Elementalist began the quest for
                  | the Orb.
     0 | D:1      | Reached XP level 1. HP: 13/13 MP: 3/3
   276 | D:1      | Reached XP level 2. HP: 19/19 MP: 3/5
   587 | D:2      | Found a burning altar of Makhleb.
   598 | D:1      | Reached XP level 3. HP: 20/24 MP: 3/6
   824 | D:1      | You fall into a shaft and drop 1 floor!
   864 | D:2      | Reached skill level 5 in Ice Magic
   889 | D:2      | Reached XP level 4. HP: 18/30 MP: 0/8
   967 | D:2      | Reached skill level 1 in Polearms
  1035 | D:2      | Learned a level 3 spell: Frozen Ramparts
  1039 | D:2      | Learned a level 3 spell: Summon Ice Beast
  1205 | D:2      | Noticed Robin
  2400 | D:3      | Noticed a black bear
  2409 | D:3      | Killed a black bear
  2410 | D:3      | Reached skill level 1 in Fighting
  2410 | D:3      | Reached XP level 5. HP: 37/37 MP: 5/9
  2626 | D:3      | Reached skill level 1 in Summonings
  2765 | D:4      | Reached XP level 6. HP: 28/43 MP: 4/10
  2842 | D:5      | Entered Level 5 of the Dungeon
  3211 | D:3      | Found Zeranigujif's Antique Armour Emporium.
  3346 | D:4      | Found a staircase to the Ecumenical Temple.
  3375 | Temple   | Found a transporter.
  3375 | Temple   | Found a transporter.
  3375 | Temple   | Found a transporter.
  3375 | Temple   | Found a transporter.
  3375 | Temple   | Entered the Ecumenical Temple
  3395 | Temple   | Became a worshipper of Nemelex Xobeh the Trickster
  3537 | D:6      | Noticed Menkaure
  3657 | D:4      | Noticed Sigmund
  3657 | D:4      | Found the +6 shillelagh "Devastator" {shatter}
  3773 | D:4      | Learned a level 2 spell: Ensorcelled Hibernation
  3856 | D:4      | Reached XP level 7. HP: 36/48 MP: 3/12
  4075 | D:4      | Found Ifariul's Book Emporium.
  4408 | D:4      | Killed Sigmund
  4439 | D:4      | Noticed Edmund
  4446 | D:4      | Demolished by Edmund

Illustrated notes

Levels and vault maps discovered:
D:1:      dpeg_arrival_tiny_a, layout_basic, chequers_serial_rivers_small_a
D:2:      layout_rooms, basic_altar, serial_bayou, serial_bayou_crossing,
          serial_bayou_lagoon_a, serial_bayou_lake_a, serial_bayou_pond_b,
          uniq_robin
D:3:      layout_loops_ring, serial_shops, shop
D:4:      minmay_evil_eye, layout_cave_pools, minmay_temple_entry_grid,
          serial_shops, nicolae_square_shop, serial_bayou_pond_e,
          sigmund_edmund_badplayer
D:5:      layout_basic, slow_altar_1, fedhas_bush_and_centaur_altar,
          uniq_sigmund
D:6:      layout_loops_corners, nicolae_ashenzari_panopticon,
          regret_index_kikubaaqudgha_part_by_part,
          mainiacjoe_ossuary_entry_find_the_door,
          chequers_serial_rivers_large_b, kb_lookout_dungeons_type,
          uniq_crazy_yiuf_cottage, uniq_menkaure, uniq_edmund, uniq_maggie
Temple:   hellmonk_temple_divided_pantheon

Skill      XL: |  1  2  3  4  5  6  7 |
---------------+----------------------+-----
Ice Magic      | 5 |  5.3
Polearms       | 2 3 4 |  4.6
Dodging        | 3 |  3.7
Spellcasting   | 3 4 |  4.4
Fighting       | 1 |  1.6
Stealth        | 3 |  3.9
Summonings     | 1 2 3 |  3.1
Hexes          | |  0.1

Action                     |  1- 3 |  4- 6 |  7- 9 || total
---------------------------+-------+-------+-------++-------
  Melee: Spear             |    60 |   117 |    28 ||   205
         Tailslap          |       |     1 |       ||     1
         Punch             |       |     1 |     1 ||     2
  Throw: Boomerang         |     3 |     5 |       ||     8
         Dart              |       |     9 |       ||     9
   Cast: Freeze            |    37 |    33 |     1 ||    71
         Frozen Ramparts   |       |    12 |     6 ||    18
         Ensorcelled Hiber |       |     2 |     1 ||     3
         Summon Ice Beast  |       |     1 |     6 ||     7
  Evoke: Wand              |       |     1 |       ||     1
    Use: Scroll            |       |     9 |       ||     9
   Stab: Sleeping          |     5 |     9 |       ||    14
         Paralysed         |       |     3 |       ||     3
         Distracted        |       |     1 |       ||     1
 Armour: Robe              |    41 |    47 |     9 ||    97
  Dodge: Dodged            |    69 |    63 |    14 ||   146
